 Dungeon Sprint DCSS version 0.30-a0-219-gf2db51d15e (webtiles) character file.

Game seed: 947238682662373211

16253 rocky1 the Fencer (level 12, -5/81 HPs)
             Began as a Tengu Reaver on Oct 8, 2022.
             Was the Champion of Cheibriados.
             Slain by a deep troll (12 damage)
             ... in the Dungeon (Sprint VII: "The Pits").
             The game lasted 00:13:43 (3767 turns).

rocky1 the Fencer (Tengu Reaver)                    Turns: 3767, Time: 00:13:43

Health: -5/81      AC: 17    Str: 26    XL:     12   Next: 35%
Magic:  19/24      EV: 19    Int: 31    God:    Cheibriados [******]
Gold:   63         SH:  4    Dex: 36    Spells: 16/22 levels left

rFire   . . .      SeeInvis .    b - +2 scimitar (drain)
rCold   . . .      Faith    .    (no shield)
rNeg    . . .      Spirit   .    m - +3 chain mail
rPois   .          Reflect  .    (helmet restricted)
rElec   .          Harm     .    r - +0 cloak
rCorr   .          Rampage  .    (no gloves)
Will    +....      NoTele   +    (boots unavailable)
Stlth   ++........               (no amulet)
HPRegen 0.33/turn                n - +3 ring of intelligence
MPRegen 0.19/turn                o - +3 ring of dexterity

@: lethally poisoned (-5 -> -19), flying quickly and evasively, constricted,
very slow
A: beak, talons 3, nimble flight, large bone plates 1, strong-willed 1, weak 1
a: Renounce Religion, Bend Time, Temporal Distortion, Slouch, Step From Time


You were in the Dungeon.
You worshipped Cheibriados.
Cheibriados was exalted by your worship.
You visited 1 branch You collected 63 gold pieces.

Inventory:

Hand Weapons
 b - a +2 scimitar of draining (weapon)
 l - a +0 long sword of flaming
 y - a +0 shortbow
Armour
 m - a +3 chain mail (worn)
 r - a +0 cloak (worn)
Jewellery
 n - a +3 ring of intelligence (left hand)
 o - a +3 ring of dexterity (right hand)
 u - a ring of willpower
 v - a ring of see invisible
Wands
 t - a wand of flame (5)
Scrolls
 a - 3 scrolls of identify
 e - 3 scrolls of fear
 h - a scroll of blinking
 j - 5 scrolls of amnesia
 k - a scroll of summoning
 q - 4 scrolls of enchant weapon
 s - 2 scrolls of enchant armour
Potions
 c - 8 potions of curing
 d - 6 potions of heal wounds
 f - 3 potions of magic
 g - 2 potions of berserk rage
 i - 2 potions of invisibility
 p - 2 potions of might
 w - 2 potions of resistance
 x - a potion of brilliance
 z - a potion of mutation


   Skills:
 + Level 12.0 Fighting
 + Level 16.2 Long Blades
 + Level 13.2 Armour
 + Level 9.1 Dodging
 + Level 6.8 Stealth
 + Level 3.0 Shields
 + Level 5.7 Spellcasting
 + Level 10.3 Conjurations
 + Level 2.8 Necromancy
 + Level 1.1 Ice Magic
 * Level 15.6 Invocations


You had 16 spell levels left.
You knew the following spells:

 Your Spells              Type           Power      Damage    Failure   Level
a - Kiss of Death         Conj/Necr      100%       2d13      1%          1
b - Momentum Strike       Conj/Tloc      80%        3d10      3%          2
c - Hailstorm             Conj/Ice       44%        3d10      6%          3

Your spell library contained the following spells:

 Spells                   Type           Power      Damage    Failure   Level


Dungeon Overview and Level Annotations

Branches:
Dungeon (1/1)

Altars:
Ashenzari
Cheibriados
Dithmenos
Elyvilon
Fedhas
Gozag
Hepliaklqana
Kikubaaqudgha
Makhleb
Nemelex Xobeh
Okawaru
Qazlal
Ru
Sif Muna
Trog
Uskayaw
Vehumet
Wu Jian
Xom
Yredelemnul
Zin
The Shining One
Jiyva
Lugonu


Innate Abilities, Weirdness & Mutations

You have a beak for a mouth.
You have claws for feet.
Your magical nature lets you fly swiftly and evasively.
You are partially covered in large bone plates. (SH +4)
You are strong-willed. (Will+)
You are weak. (Str -2)


Message History

You feel sick.
You are no longer poisoned.
You start resting.
HP restored.
Things that are here:
a +0 scimitar; a naga corpse A nagaraja comes into view.
It is wielding a +0 flail.
The nagaraja shouts!
You hear a shout!
The nagaraja casts a spell.
The nagaraja seems to speed up.
A deep troll comes into view.
The nagaraja gestures at you while chanting.
The bolt of poison hits you!!
You are poisoned.
The nagaraja spits poison at you. The splash of poison hits you.
You are more poisoned.
You feel extremely sick.
You closely miss the deep troll. You claw the deep troll!
You peck the deep troll, but do no damage.
The deep troll is lightly wounded.
You feel very sick. The deep troll closely misses you.
The deep troll claws you. The deep troll misses you.
You closely miss the deep troll.
You claw the deep troll, but do no damage.
The deep troll is lightly wounded.
You feel sick. The nagaraja misses you. The nagaraja grabs you.
The nagaraja constricts you.
Unknown command.
Activating: Slouch (0% risk of failure)
Press: ? - help, Dir - look around, f - activate You can feel time thicken for a moment.
You feel very sick. The nagaraja hits you with a +0 flail!
* * * LOW HITPOINT WARNING * * *
The nagaraja constricts you.
* * * LOW HITPOINT WARNING * * *
The deep troll bites you!
You die...

########################
...)..)..........N......
)...............@T......
#############++#########


You could see a nagaraja (fast) and a deep troll.

Vanquished Creatures
  A nagaraja (D)
  Erolcha (D)
  An ogre mage (D)
  A catoblepas (D)
  2 two-headed ogres (D)
  4 death yaks (D)
  A naga sharpshooter (D)
  A deep elf pyromancer (D)
  A manticore (D)
  A cyclops (D)
  A naga mage (D)
  A freezing wraith (D)
  A troll (D)
  A wind drake (D)
  3 tarantellas (D)
  6 dream sheep (D)
  A tyrant leech (D)
  3 jumping spiders (D)
  2 shadows (D)
  A spriggan (D)
  3 wraiths (D)
  2 wyverns (D)
  A fire bat (D)
  6 yaks (D)
  A neqoxec (D)
  A redback (D)
  3 nagas (D)
  A warg (D)
  5 hell hounds (D)
  A water moccasin (D)
  An ice beast (D)
  3 ogres (D)
  A small abomination (D)
  7 wolves (D)
  A phantom (D)
  A scorpion (D)
  5 wights (D)
  An orc priest (D)
  2 iron imps (D)
  Terence (D)
  An orc wizard (D)
  2 adders (D)
  A gnoll (D)
  An ufetubus (D)
  4 orcs (D)
  2 endoplasms (D)
  2 goblins (D)
  A hobgoblin (D)
  2 jackals (D)
  A kobold (D)
  A ball python (D)
  2 bats (D)
  3 frilled lizards (D)
104 creatures vanquished.

Notes
Turn   | Place    | Note
-------+----------+-------------------------------------------
     0 | D        | rocky1 the Tengu Reaver began the quest for the Orb.
     0 | D        | Reached XP level 1. HP: 12/12 MP: 4/4
    20 | D        | Found a bloodstained altar of Trog.
    20 | D        | Found a shimmering blue altar of Sif Muna.
    20 | D        | Found a viscous altar of Jiyva.
    20 | D        | Found a hazy altar of Hepliaklqana.
    20 | D        | Found an opulent altar of Gozag.
    21 | D        | Found a glowing golden altar of the Shining One.
    21 | D        | Found a glowing silver altar of Zin.
    21 | D        | Found a basalt altar of Yredelemnul.
    21 | D        | Found a shimmering altar of Xom.
    21 | D        | Found an ornate altar of the Wu Jian Council.
    21 | D        | Found a sacrificial altar of Ru.
    21 | D        | Found a stormy altar of Qazlal.
    21 | D        | Found an iron altar of Okawaru.
    21 | D        | Found a sparkling altar of Nemelex Xobeh.
    21 | D        | Found a burning altar of Makhleb.
    21 | D        | Found a blossoming altar of Fedhas.
    21 | D        | Found a white marble altar of Elyvilon.
    21 | D        | Found a shadowy altar of Dithmenos.
    21 | D        | Found a snail-covered altar of Cheibriados.
    24 | D        | Found a corrupted altar of Lugonu.
    24 | D        | Found a radiant altar of Vehumet.
    25 | D        | Found an ancient bone altar of Kikubaaqudgha.
    25 | D        | Found a hide-covered altar of Uskayaw.
    25 | D        | Found a broken altar of Ashenzari.
    38 | D        | Became a worshipper of Cheibriados the Contemplative
    76 | D        | Noticed a scorpion
    84 | D        | Killed a scorpion
    84 | D        | Reached * piety under Cheibriados
    85 | D        | Reached skill level 5 in Long Blades
    85 | D        | Reached XP level 2. HP: 4/19 MP: 2/7
    85 | D        | Reached XP level 3. HP: 5/23 MP: 2/8
    85 | D        | Reached XP level 4. HP: 6/28 MP: 2/9
   414 | D        | Reached ** piety under Cheibriados
   415 | D        | Reached skill level 6 in Long Blades
   415 | D        | Reached skill level 1 in Armour
   540 | D        | Noticed an ice beast
   551 | D        | Reached *** piety under Cheibriados
   559 | D        | Killed an ice beast
   559 | D        | Reached **** piety under Cheibriados
   560 | D        | Reached skill level 7 in Long Blades
   560 | D        | Gained mutation: Your magical nature lets you fly swiftly
                  | and evasively. [Tengu growth]
   560 | D        | Reached XP level 5. HP: 16/33 MP: 8/11
   681 | D        | Noticed a water moccasin
   688 | D        | Killed a water moccasin
   689 | D        | Reached skill level 8 in Long Blades
   689 | D        | Reached skill level 1 in Necromancy
   689 | D        | Reached XP level 6. HP: 33/39 MP: 10/13
   711 | D        | Noticed Terence
   726 | D        | Reached ***** piety under Cheibriados
   729 | D        | Reached skill level 5 in Dodging
   730 | D        | Killed Terence
   731 | D        | Reached skill level 5 in Fighting
   793 | D        | Noticed a shadow
   799 | D        | Killed a shadow
   800 | D        | Reached skill level 9 in Long Blades
   800 | D        | Reached skill level 5 in Armour
   800 | D        | Reached XP level 7. HP: 42/44 MP: 14/14
   907 | D        | Noticed a fire bat
   913 | D        | Reached ****** piety under Cheibriados
   923 | D        | Killed a fire bat
   924 | D        | Reached skill level 5 in Invocations
  1074 | D        | Noticed a warg
  1074 | D        | Noticed a manticore
  1076 | D        | Killed a warg
  1077 | D        | Reached skill level 10 in Long Blades
  1219 | D        | Killed a manticore
  1220 | D        | Reached XP level 8. HP: 6/52 MP: 13/16
  1804 | D        | Reached skill level 11 in Long Blades
  1938 | D        | Noticed a troll
  1939 | D        | Noticed a jumping spider
  1941 | D        | Killed a troll
  1945 | D        | Reached XP level 9. HP: 50/57 MP: 12/17
  1956 | D        | Learned a level 2 spell: Momentum Strike
  1960 | D        | Learned a level 3 spell: Hailstorm
  2085 | D        | Noticed a death yak
  2085 | D        | Noticed a tarantella
  2087 | D        | Killed a tarantella
  2089 | D        | Reached skill level 12 in Long Blades
  2092 | D        | Killed a death yak
  2093 | D        | Reached skill level 5 in Spellcasting
  2160 | D        | Noticed a nagaraja
  2177 | D        | Killed a nagaraja
  2178 | D        | Reached skill level 10 in Armour
  2178 | D        | Reached skill level 10 in Invocations
  2178 | D        | Reached XP level 10. HP: 25/65 MP: 18/18
  2284 | D        | Gained mutation: Armour fits poorly on your strangely
                  | shaped body. [a neqoxec]
  2290 | D        | Lost mutation: Armour fits poorly on your strangely shaped
                  | body. [potion of mutation]
  2290 | D        | Gained mutation: You are weak. (Str -2) [potion of
                  | mutation]
  2290 | D        | Gained mutation: You are strong-willed. (Will+) [potion of
                  | mutation]
  2290 | D        | Gained mutation: You are partially covered in large bone
                  | plates. (SH +4) [potion of mutation]
  2356 | D        | Noticed a death yak
  2356 | D        | Noticed a catoblepas
  2358 | D        | Reached skill level 13 in Long Blades
  2381 | D        | Killed a catoblepas
  2391 | D        | Killed a death yak
  2392 | D        | Reached skill level 1 in Stealth
  2673 | D        | Noticed a deep elf pyromancer
  2687 | D        | Killed a deep elf pyromancer
  2688 | D        | Reached skill level 14 in Long Blades
  2688 | D        | Reached XP level 11. HP: 36/72 MP: 6/21
  2808 | D        | Reached skill level 10 in Fighting
  2856 | D        | Reached skill level 1 in Shields
  2868 | D        | Noticed a two-headed ogre
  2868 | D        | Noticed a cyclops
  2868 | D        | Noticed a death yak
  2869 | D        | Noticed an ogre mage
  2869 | D        | Noticed a two-headed ogre
  2869 | D        | Noticed Erolcha
  2871 | D        | Reached skill level 15 in Long Blades
  2871 | D        | Reached skill level 5 in Stealth
  2871 | D        | Killed a two-headed ogre
  2873 | D        | Killed a two-headed ogre
  2873 | D        | Killed Erolcha
  2873 | D        | Killed an ogre mage
  2874 | D        | Reached skill level 10 in Conjurations
  2875 | D        | Killed a death yak
  2876 | D        | Reached skill level 1 in Ice Magic
  2877 | D        | Killed a cyclops
  2878 | D        | Reached XP level 12. HP: 37/80 MP: 7/23
  2880 | D        | Reached skill level 16 in Long Blades
  3459 | D        | Noticed a death yak
  3468 | D        | Killed a death yak
  3469 | D        | Reached skill level 15 in Invocations
  3541 | D        | Noticed a naga sharpshooter
  3558 | D        | Killed a naga sharpshooter
  3762 | D        | Noticed a nagaraja
  3767 | D        | Slain by a deep troll

Illustrated notes

Levels and vault maps discovered:
D:        pitsprint [storerooms_1, entrance_room_1, metal_vault_3, armoury_3,
          mini_pit_1, grid_room_1, main_hall_1, silver_pit, the_coven_3,
          the_vestibule_1, steel_vault_1, golden_pit, hallway_of_sentries,
          crystal_vault_6, iron_vault_1, final_vault]

Skill      XL: |  1  2  3  4  5  6  7  8  9 10 11 12 |
---------------+-------------------------------------+-----
Fighting       | 3 4 5 6 7 8 9 11 12 | 12.0
Long Blades    | 5 7 8 9 10 11 12 14 15 16 | 16.2
Dodging        | 3 4 5 6 7 8 9 |  9.1
Spellcasting   | 3 4 5 |  5.7
Conjurations   | 6 8 9 10 | 10.3
Armour         | 2 3 5 7 8 10 12 13 | 13.2
Invocations    | 2 3 4 6 7 10 12 14 15 | 15.6
Necromancy     | 1 2 |  2.8
Stealth        | 3 6 |  6.8
Shields        | 2 3 |  3.0
Ice Magic      | 1 |  1.1

Action                   |  1- 3 |  4- 6 |  7- 9 | 10-12 || total
-------------------------+-------+-------+-------+-------++-------
Melee: Falchion          |     8 |    26 |       |       ||    34
       Kick              |     2 |    17 |    12 |    41 ||    72
       Peck              |       |     9 |     9 |    23 ||    41
       Long sword        |       |    25 |    20 |       ||    45
       Scimitar          |       |       |    15 |   102 ||   117
       Punch             |       |       |     1 |     2 ||     3
 Cast: Kiss of Death     |     2 |     3 |     1 |     1 ||     7
       Hailstorm         |       |       |       |     5 ||     5
       Momentum Strike   |       |       |       |     1 ||     1
Invok: Slouch            |       |       |     6 |    14 ||    20
  Use: Potion            |       |     2 |     6 |     4 ||    12
 Stab: Petrified         |       |       |       |     4 ||     4
       Petrifying        |       |       |       |     1 ||     1
Armor: Leather armour    |     1 |     6 |       |       ||     7
       Chain mail        |       |    16 |    14 |    21 ||    51
Dodge: Dodged            |     7 |    60 |    45 |    71 ||   183
Block: Other             |       |       |       |    11 ||    11

Table legend: (Time is in decaauts)
 A = Elapsed time spent in this place.
 B = Non-inter-level travel time spent in this place.
 C = Inter-level travel time spent in this place.
 D = Time resting spent in this place.
 E = Time spent auto-exploring this place.
 F = Levels seen in this place.
 G = Mean time per level.
                   A        B        C        D        E       F      G
               +--------+--------+--------+--------+--------+-----+--------+
         Total |   4163 |   3990 |    173 |   2866 |      0 |   1 | 4163.0 |
       Dungeon |   4163 |   3990 |    173 |   2866 |      0 |   1 | 4163.0 |
               +--------+--------+--------+--------+--------+-----+--------+

Top non-repeatable levels by time:
       D: 4163 daAuts
